 Dungeon Crawl Stone Soup version 0.28-a0-724-g66f9036eb4 (webtiles) character file.

Game seed: 14488728487844663515

123 Crumbo the Firebug (level 4, -1/24 HPs)
             Began as a Deep Elf Fire Elementalist on Oct 27, 2021.
             Slain by Ijyb (3 damage)
             ... on level 3 of the Dungeon.
             The game lasted 00:09:25 (2900 turns).

Crumbo the Firebug (Deep Elf Fire Elementalist)     Turns: 2900, Time: 00:09:25

Health: -1/24      AC:  2    Str:  5    XL:     4   Next: 79%
Magic:  7/21       EV: 12    Int: 21    God:
Gold:   154        SH:  0    Dex: 15    Spells: 9/12 levels left

rFire   . . .      SeeInvis .   (no weapon)
rCold   . . .      Faith    .   (no shield)
rNeg    . . .      Spirit   .   a - +0 robe
rPois   .          Reflect  .   (no helmet)
rElec   .          Harm     .   (no cloak)
rCorr   .          Rampage  .   (no gloves)
Will    .....                   (no boots)
Stlth   ++........              (no amulet)
HPRegen 0.08/turn               h - ring of magical power
MPRegen 0.17/turn               (no ring)

@: no status effects
A: no striking features
a: no special abilities


You were on level 3 of the Dungeon.
You visited 1 branch of the dungeon, and saw 3 of its levels.

You collected 154 gold pieces.

Inventory:

Armour
 a - a +0 robe (worn)
Jewellery
 h - a ring of magical power (left hand)
 k - an amulet of guardian spirit
Scrolls
 b - 2 scrolls of amnesia {unknown}
 c - 2 scrolls of noise {unknown}
 i - a scroll of immolation {unknown}
 j - a scroll of blinking {unknown}
Potions
 d - a potion of invisibility {unknown}
 e - a potion of resistance {unknown}
 f - 2 potions of haste
 g - a potion of curing {unknown}


   Skills:
 + Level 2.5 Dodging
 + Level 2.8 Stealth
 + Level 4.5 Spellcasting
 * Level 2.3 Conjurations
 + Level 4.7 Fire Magic


You had 9 spell levels left.
You knew the following spells:

 Your Spells              Type           Power      Damage    Failure   Level
a - Foxfire               Conj/Fire      76%        2x1d7     2%          1
b - Scorch                Fire           48%        2d7       2%          2

Your spell library contained the following spells:

 Spells                   Type           Power      Damage    Failure   Level
 Conjure Flame            Conj/Fire      19%        6-21      9%          3
 Inner Flame              Hex/Fire       14%        N/A       13%         3
 Flame Wave               Conj/Fire      19%        3d5       26%         4


Dungeon Overview and Level Annotations

Branches:
Dungeon (3/15)

Altars:
Okawaru

Shops:
D:2 *(==

Annotations:
D:3 Ijyb


Message History

You conjure some foxfire!
Ijyb drinks a potion.
Ijyb seems to speed up.
The foxfire hits Ijyb.
Ijyb is lightly wounded.
The foxfire hits Ijyb.
Ijyb is lightly wounded.
Ijyb zaps a wand.
The puff of flame hits you!
Casting: Foxfire (safe; 2% risk of failure)
Confirm with . or Enter, or press ? or * to list all spells.
Flames lash Ijyb but do no damage.
Casting: Scorch (safe; 2% risk of failure)
Confirm with . or Enter, or press ? or * to list all spells.
Flames lash Ijyb but do no damage.
Ijyb completely misses you.
Ijyb zaps a wand.
The puff of flame hits you!
* * * LOW HITPOINT WARNING * * *
Casting: Scorch (safe; 2% risk of failure)
Confirm with . or Enter, or press ? or * to list all spells.
Flames lash Ijyb but do no damage.
Ijyb hits you with a +0 dagger.
* * * LOW HITPOINT WARNING * * *
Casting: Scorch (safe; 2% risk of failure)
Confirm with . or Enter, or press ? or * to list all spells.
Flames lash Ijyb.
Ijyb is heavily wounded.
Ijyb's fire resistance burns away.
Ijyb closely misses you. x2
Casting: Scorch (safe; 2% risk of failure)
Confirm with . or Enter, or press ? or * to list all spells.
Flames lash Ijyb.
Ijyb is burned terribly!
Ijyb is heavily wounded.
Ijyb zaps a wand.
The puff of flame misses you.
Casting: Scorch (safe; 2% risk of failure)
Confirm with . or Enter, or press ? or * to list all spells.
Flames lash Ijyb but do no damage.
Ijyb hits you with a +0 dagger.
* * * LOW HITPOINT WARNING * * *
A goblin comes into view. It is wielding a +0 dagger.
Ijyb misses you.
Casting: Scorch (safe; 2% risk of failure)
Confirm with . or Enter, or press ? or * to list all spells.
Flames lash Ijyb.
Ijyb is severely wounded.
Ijyb hits you with a +0 dagger.
You die...

### #.# ..# #########
#.# #.......#
#.######.#####.#
#......#.# #.########
######.#.#####.#.g.g..#
# #.#.#.....#@###.## #
#.#.#.#####.#
######.#.#.# #.#
#......#.#.# #.#
...#####.#.# #.#
...#####.#.#####.#
.........#.......#
...###############
.......#


You could see Ijyb (fast, combustible) and a goblin.

Vanquished Creatures
  3 gnolls (D:3)
  4 adders
  A dart slug (D:3)
  An orc (D:3)
  8 ball pythons
  3 bats
  6 endoplasms
  2 giant cockroaches (D:1)
  4 goblins
  3 hobgoblins
  2 kobolds (D:2)
  4 quokkas
  2 frilled lizards
  11 rats
54 creatures vanquished.

Vanquished Creatures (others)
  34 foxfires
  5 toadstools (D:1)
39 creatures vanquished.

Grand Total: 93 creatures vanquished

Notes
Turn   | Place    | Note
-------+----------+-------------------------------------------
     0 | D:1      | Crumbo the Deep Elf Fire Elementalist began the quest for
                  | the Orb.
     0 | D:1      | Reached XP level 1. HP: 10/10 MP: 6/6
    44 | D:1      | Found a faded altar of an unknown god.
   424 | D:1      | Reached XP level 2. HP: 15/15 MP: 4/8
   427 | D:1      | Learned a level 2 spell: Scorch
  1088 | D:2      | Found Jiopawit's Antique Weapon Boutique.
  1097 | D:2      | Found Desituwn's Assorted Antiques.
  1138 | D:2      | Found Amais's Jewellery Shoppe.
  1172 | D:2      | Found Lako's Jewellery Emporium.
  1423 | D:2      | Reached XP level 3. HP: 19/19 MP: 7/10
  2200 | D:3      | Reached XP level 4. HP: 17/24 MP: 12/12
  2202 | D:3      | Found an iron altar of Okawaru.
  2890 | D:3      | Noticed Ijyb
  2899 | D:3      | HP: 1/24 [Ijyb (1)]
  2900 | D:3      | Slain by Ijyb

Illustrated notes

Levels and vault maps discovered:
D:1:      ldierk_walled_garden, layout_loops_ring,
          shapermc_ecumenical_altar_pompeii
D:2:      layout_loops_ring, serial_shops, shop, shop, shop, nicolae_shop_trees,
          minmay_tetromino_t4
D:3:      layout_basic, okawaru_ov_weapons_minmay,
          chequers_serial_rivers_micro_b, hangedman_decor_riveting, hex_large,
          st_stairs_3, kennysheep_boxes, uniq_crazy_yiuf_cottage, uniq_ijyb

Skill      XL: |  1  2  3 |
---------------+----------+-----
Fire Magic     | 4 |  4.7
Conjurations   | 2 |  2.3
Spellcasting   | 4 |  4.5
Dodging        | |  2.5
Stealth        | |  2.8

Action                   |  1- 3 |  4- 6 || total
-------------------------+-------+-------++-------
 Cast: Foxfire           |    10 |     9 ||    19
       Scorch            |    35 |    16 ||    51
Dodge: Dodged            |     4 |    10 ||    14

Table legend: (Time is in decaauts)
 A = Elapsed time spent in this place.
 B = Non-inter-level travel time spent in this place.
 C = Inter-level travel time spent in this place.
 D = Time resting spent in this place.
 E = Time spent auto-exploring this place.
 F = Levels seen in this place.
 G = Mean time per level.
                   A        B        C        D        E       F      G
               +--------+--------+--------+--------+--------+-----+--------+
         Total |   2921 |   2921 |      0 |      0 |   2510 |   3 |  973.7 |
       Dungeon |   2921 |   2921 |      0 |      0 |   2510 |   3 |  973.7 |
               +--------+--------+--------+--------+--------+-----+--------+

Top non-repeatable levels by time:
     D:1: 1086 daAuts
     D:2: 928 daAuts
     D:3: 906 daAuts
